 Dungeon Crawl Stone Soup version 0.21.1-1-g345015fe64 (webtiles) character file.

203 ILYA101 the Chopper (level 5, -5/46 HPs)
             Began as a Draconian Monk on July 2, 2018.
             Killed from afar by an orc wizard (6 damage)
             ... with a magic dart
             ... on level 3 of the Dungeon.
             The game lasted 00:05:20 (2914 turns).

ILYA101 the Chopper (Draconian Monk)                Turns: 2914, Time: 00:05:21

Health: -5/46      AC:  5    Str: 14    XL:     5   Next: 51%
Magic:  5/5        EV: 13    Int: 10    God:
Gold:   98         SH:  0    Dex: 14    Spells: 4/4 levels left

rFire    . . .     SeeInvis .   a - +0 hand axe
rCold    . . .     Gourm    .   (no shield)
rNeg     . . .     Faith    .   (armour unavailable)
rPois    .         Spirit   .   (helmet restricted)
rElec    .         Reflect  .   (no cloak)
rCorr    .         Harm     .   (no gloves)
MR       .....                  (no boots)
Stlth    ++........             (no amulet)
HPRegen  0.15/turn              (no ring)
MPRegen  0.09/turn              (no ring)

@: no status effects
A: unfitting armour, cold-blooded, AC +5
a: no special abilities


You were on level 3 of the Dungeon.
You were hungry.

You visited 1 branch of the dungeon, and saw 3 of its levels.

You collected 98 gold pieces.

Inventory:

Hand Weapons
 a - a +0 hand axe (weapon)
Jewellery
 d - a cursed ring of loudness {unknown}
Scrolls
 j - 2 scrolls of teleportation {unknown}
 k - a scroll of enchant weapon {unknown}
 l - 2 scrolls of identify {unknown}
 m - a scroll of enchant armour {unknown}
 o - a scroll of fog {unknown}
Potions
 e - a potion of heal wounds {unknown}
 f - 2 potions of agility {unknown}
 g - 2 potions of curing {unknown}
 h - a potion of magic {unknown}
 i - a potion of degeneration {unknown}
 n - a potion of flight {unknown}
Comestibles
 b - 4 rations


   Skills:
 + Level 4.0 Fighting
 + Level 5.0 Axes
 + Level 3.4 Dodging
 + Level 2.6 Stealth


You had 4 spell levels left.
You didn't know any spells.

Dungeon Overview and Level Annotations

Branches:
Dungeon (3/15)

Altars:
Dithmenos
Okawaru
Yredelemnul


Innate Abilities, Weirdness & Mutations

Your plain brown scales are hard. (AC +5)
You cannot fit into any form of body armour.
You are cold-blooded and may be slowed by cold attacks.


Message History

The orc wizard mumbles some strange words.
The orc wizard seems to speed up.
The orc priest invokes the aid of Beogh against you.
You barely resist.
The orc wizard hits you but does no damage.
You hit the orc priest.
The orc priest is severely wounded.
You hit the orc wizard.
The orc wizard hits you but does no damage.
The orc priest misses you.
You hit the orc priest but do no damage.
The orc priest is severely wounded.
You hit the orc wizard but do no damage.
The orc wizard hits you with a dagger.
The orc priest invokes the aid of Beogh against you.
Beogh smites you!
* * * LOW HITPOINT WARNING * * *
The orc wizard gestures at you while chanting.
The magic dart hits you!
You die...

######## #......# #
######### #......# ##
........# #......# #.
..(.....########......# #.
........o@......<###..# #.
........o######### ##.# #.
######.#....#########.###.
#....................
#..####.######.....>.
##.(...........####..
#...)......### .... .##
##...........## .###.
...#####.....)........ #.


You could see an orc priest and an orc wizard.

Vanquished Creatures
  An orc priest (D:2)
  Jessica (D:3)
  An iguana (D:3)
  Robin (D:2)
  An adder (D:2)
  2 oozes
  2 worms
  3 dart slugs
  A leopard gecko (D:1)
  2 orcs (D:2)
  7 bats
  2 giant cockroaches
  16 goblins
  10 hobgoblins
  3 jackals (D:3)
  3 quokkas
  A ball python (D:3)
  3 frilled lizards
  8 kobolds
  8 rats
76 creatures vanquished.

Notes
Turn   | Place    | Note
-------+----------+-------------------------------------------
     0 | D:1      | ILYA101 the Draconian Monk began the quest for the Orb.
     0 | D:1      | Reached XP level 1. HP: 19/19 MP: 1/1
   127 | D:1      | Reached XP level 2. HP: 18/26 MP: 2/2
   756 | D:1      | Reached XP level 3. HP: 30/31 MP: 3/3
  1242 | D:2      | Found an iron altar of Okawaru.
  1292 | D:2      | Found a basalt altar of Yredelemnul.
  1431 | D:2      | Noticed Robin
  1450 | D:2      | Reached skill level 4 in Axes
  1455 | D:2      | Reached XP level 4. HP: 35/40 MP: 4/4
  1466 | D:2      | Killed Robin
  1780 | D:3      | Noticed Jessica
  1795 | D:3      | Killed Jessica
  1893 | D:3      | Found a shadowy altar of Dithmenos.
  1917 | D:3      | Reached XP level 5. HP: 27/46 MP: 5/5
  2882 | D:2      | Reached skill level 5 in Axes
  2914 | D:3      | HP: 1/46 [orc priest/divine providence (16)]
  2914 | D:3      | Killed from afar by an orc wizard

Skill      XL: |  1  2  3  4  5 |
---------------+----------------+-----
Stealth        | 2 |  2.6
Dodging        | 3 |  3.4
Axes           | 4 5 |  5.0
Fighting       | 4 |  4.0

Action                   |  1- 3 |  4- 6 || total
-------------------------+-------+-------++-------
Melee: Hand axe          |   129 |   123 ||   252
       Tailslap          |    14 |    14 ||    28
 Stab: Sleeping          |     6 |     4 ||    10
  Eat: Chunk             |     2 |     4 ||     6
Armor: Skin              |    26 |    29 ||    55
Dodge: Dodged            |   100 |    82 ||   182
